Map: Eternal Empire LE

Players

Nice - Winner!

  • Race: Protoss Protoss
  • Spawn Location: 7:00

Naxin

  • Race: Terran Terran
  • Spawn Location: 1:00

Event: DreamHack SC2 Masters 2020 Fall

VOD

Have the link to the VOD?

Description

Time

  • Played on: Aug. 27, 2020, 9:17 a.m.
  • Length: 9:55

All games in this series

Show
View Real Time Build Order
Export as new Build Order

Nice Protoss - Winner!

Build Orders: 1 Gate Expand, Blink Stalkers, Chargelot Immortal 

Get SALT Encoding   

  12  0:00  Probe  
  13  0:12  Probe  
  14  0:19  Pylon  
  14  0:24  Probe  
  15  0:37  Probe (Chrono Boost)  
  15  0:39  Gateway  
  16  0:48  Probe (Chrono Boost)  
  17  0:50  Assimilator  
  17  0:53  Probe (Chrono Boost)  
  18  1:03  Probe  
  19  1:15  Probe  
  20  1:26  Cybernetics Core  
  20  1:39  Nexus  
  20  1:46  Pylon  
  20  1:52  Assimilator  
  20  1:55  Probe  
  21  2:07  Sentry (Chrono Boost), Probe  
  24  2:23  Shield Battery, Probe  
  24  2:24  Stalker (Chrono Boost)  
  27  2:34  Warp Gate  
  27  2:35  Probe  
  28  2:50  Probe (Chrono Boost)  
  29  2:52  Twilight Council  
  29  2:53  Probe (Chrono Boost)  
  30  3:02  Stalker  
  30  3:03  Probe (Chrono Boost)  
  30  3:04  Probe (Chrono Boost)  
  34  3:08  Probe (Chrono Boost)  
  34  3:12  Probe  
  36  3:20  Probe  
  36  3:24  Probe  
  36  3:25  Gateway  
  38  3:28  Blink (Chrono Boost), Gateway  
  38  3:36  Probe  
  38  3:39  Probe  
  41  3:48  Probe  
  41  3:51  Probe  
  41  3:52  Robotics Facility  
  42  4:00  Probe  
  43  4:03  Probe  
  43  4:06  Pylon  
  44  4:12  Probe  
  44  4:15  Probe  
  46  4:22  Assimilator  
  46  4:27  Stalker x3  
  46  4:28  Probe  
  46  4:29  Pylon, Probe  
  54  4:40  Nexus  
  54  4:45  Shield Battery  
  54  4:47  Observer (Chrono Boost)  
  55  4:53  Probe x2, Pylon  
  57  5:01  Observer  
  58  5:08  Shield Battery  
  58  5:09  Pylon  
  58  5:16  Gateway  
  58  5:17  Pylon  
  58  5:18  Charge (Chrono Boost)  
  58  5:19  Gateway x2  
  58  5:25  Gateway  
  58  5:30  Gateway  
  58  5:31  Sentry  
  58  5:35  Sentry  
  62  5:42  Shield Battery  
  62  5:43  Immortal (Chrono Boost)  
  66  6:00  Stalker x3  
  66  6:02  Pylon  
  68  6:25  Zealot x8  
  86  6:46  Stalker, Pylon  
  86  6:47  Immortal (Chrono Boost), Stalker  
  86  7:00  Sentry x2  
  86  7:01  Stalker  
  76  7:10  Probe x2  
  76  7:11  Probe  
  76  7:15  Pylon  
  73  7:16  Observer  
  73  7:19  Immortal (Chrono Boost)  
  73  7:22  Probe x2  
  78  7:23  Probe  
  78  7:28  Zealot x4  
  88  7:34  Probe  
  88  7:35  Gateway, Probe  
  90  7:45  Forge  
  90  7:49  Stalker x3  
  97  7:51  Probe  
  97  7:52  Observer  
  97  7:58  Immortal (Chrono Boost)  
  101  8:16  Stalker x3  
  101  8:17  Stalker x2  
  109  8:25  Pylon  
  109  8:26  Pylon  
  109  8:27  Shield Battery  
  109  8:41  Zealot  
  109  8:45  Immortal (Chrono Boost), Pylon  
  109  8:47  Pylon  
  113  8:49  Pylon  
  113  8:52  Zealot x5  
  123  8:56  Observer  
  119  9:04  Zealot x2, Stalker  
  125  9:18  Immortal (Chrono Boost)  
  109  9:31  Zealot x3  
  109  9:32  Zealot x5  
Show
View Real Time Build Order
Export as new Build Order

Naxin Terran 

Build Orders:  

Get SALT Encoding   

  12  0:00  SCV  
  13  0:12  SCV  
  14  0:17  Supply Depot  
  14  0:24  SCV  
  15  0:39  SCV  
  16  0:43  Barracks  
  16  0:49  Refinery  
  16  0:51  SCV  
  17  1:03  SCV  
  18  1:15  SCV  
  19  1:33  Orbital Command  
  19  1:35  Marine  
  20  1:52  Command Center  
  20  1:56  Barracks Reactor  
  20  1:59  SCV  
  21  2:07  Supply Depot  
  21  2:11  SCV  
  22  2:20  Factory  
  22  2:24  SCV  
  23  2:32  Marine x2  
  23  2:35  Refinery  
  23  2:36  SCV  
  26  2:48  SCV  
  26  2:50  Marine  
  28  3:00  SCV  
  28  3:04  Factory Tech Lab  
  28  3:05  Starport  
  29  3:06  Orbital Command  
  29  3:12  SCV  
  29  3:23  Barracks  
  29  3:24  Orbital Command, SCV  
  30  3:28  Widow Mine  
  32  3:36  SCV, Marine x2  
  35  3:48  SCV  
  35  3:49  SCV  
  35  3:52  Factory Tech Lab  
  35  3:55  Supply Depot  
  37  3:58  Barracks  
  37  4:01  SCV, Marine x2  
  37  4:02  SCV  
  41  4:13  SCV  
  41  4:14  SCV  
  41  4:15  Supply Depot  
  43  4:18  Factory Tech Lab  
  43  4:19  Stimpack, Marine x2  
  43  4:22  Marine  
  46  4:25  SCV  
  46  4:29  SCV  
  46  4:30  Supply Depot  
  48  4:37  Siege Tank, Marine x2  
  53  4:41  SCV x2  
  53  4:43  Marine  
  56  4:49  Supply Depot  
  56  4:53  SCV  
  56  4:54  SCV, Marine x2  
  60  5:01  Combat Shield  
  60  5:02  Marine x2  
  60  5:05  Medivac  
  64  5:09  Siege Tank  
  64  5:11  SCV x2  
  64  5:12  Supply Depot, Marine x2  
  71  5:19  Supply Depot  
  71  5:20  Marauder x2  
  75  5:28  Supply Depot  
  75  5:30  SCV x2, Marine  
  75  5:34  Refinery  
  75  5:35  Medivac  
  80  5:41  Marine x3  
  83  5:43  SCV x2  
  83  5:45  Siege Tank  
  88  5:53  Engineering Bay  
  88  5:54  Supply Depot  
  88  6:02  Marauder x2, Marine x2, Concussive Shells  
  93  6:05  SCV  
  93  6:07  SCV  
  94  6:13  Refinery  
  93  6:24  Marine  
  93  6:25  Marauder  
  90  6:28  Marine  
  90  6:29  Marauder  
  90  6:35  Bunker x2  
  90  6:36  Terran Infantry Weapons Level 1  
  89  6:42  Marine  
  89  6:46  Siege Tank, Marauder, Marine  
  96  6:51  Marine  
  94  6:55  SCV x2  
  94  7:00  Marine  
  93  7:07  Marauder, SCV  
  81  7:11  Marauder, Marine  
  81  7:13  Medivac  
  79  7:17  SCV  
  79  7:18  Barracks x2, Siege Tank, Marine  
  79  7:19  SCV  
  80  7:28  Marine x2  
  82  7:33  Marauder  
  82  7:35  SCV x2, Marine  
  87  7:40  Ghost Academy  
  87  7:45  Sensor Tower  
  87  7:46  Marine  
  87  7:47  Medivac, Marauder  
  87  7:50  Siege Tank  
  95  7:53  Marine x2  
  97  8:04  Missile Turret, Marine  
  98  8:07  Marine  
  98  8:11  Marine  
  98  8:12  Marauder  
  102  8:13  Marine x2  
  102  8:17  Medivac, Supply Depot  
  102  8:19  Supply Depot  
  106  8:22  Marine  
  106  8:26  Marauder  
  109  8:29  Marine  
  109  8:31  Supply Depot  
  109  8:32  Supply Depot  
  110  8:35  Ghost  
  110  8:40  Marine  
  109  8:46  Ghost, Marine x2  
  109  8:47  Marine  
  110  8:58  Marine  
  105  9:04  Ghost, Marine x3  
  105  9:08  Medivac  
  111  9:15  Ghost  
  96  9:32  Marine  
  96  9:33  Marauder  
  96  9:37  Marine x2  

Tags
 
Add a new tag
Caveats
  • Supply blocks, unpowered buildings, or Contaminate may cause inaccurate times.
  • Supply counts are checked every 10 seconds.